 Dungeon Crawl Stone Soup version 0.25-a0-265-g7af84ae0ac (webtiles) character file.

Game seed: 8592742476363386555, levelgen mode: deterministic

183830 Lanoc the Ripper (level 17, -18/84 HPs)
             Began as a Felid Berserker on Dec 8, 2019.
             Was the Champion of Trog.
             Demolished by a hell knight
             ... wielding a +0 demon whip of draining
              (22 damage)
             ... on level 4 of the Vaults on Dec 9, 2019.
             The game lasted 01:52:26 (42442 turns).

Lanoc the Ripper (Felid Berserker)                 Turns: 42442, Time: 01:52:26

Health: -18/84     AC:  3    Str: 13    XL:     17   Next: 38%
Magic:  0/29       EV: 36    Int:  9    God:    Trog [******]
Gold:   1914       SH:  0    Dex: 22    Spells: 16/16 levels left
                                        Lives:  0   Deaths: 5

rFire    . . .     SeeInvis +     - Unarmed
rCold    + . .     Gourm    .   (shield unavailable)
rNeg     . . .     Faith    .   (armour unavailable)
rPois    +         Spirit   +   (helmet unavailable)
rElec    .         Reflect  .   (cloak unavailable)
rCorr    .         Harm     .   (gloves unavailable)
MR       ++...                  (boots unavailable)
Stlth    ++++++++..             O - amulet of guardian spirit
HPRegen  0.24/turn              j - ring of stealth
MPRegen  0.21/turn              x - ring of poison resistance

@: berserk cooldown, slowed, lightly drained, slow
A: very small, no armour, no weapons or thrown items, stealth, claws 1, fangs 3,
see invisible, carnivore, speed 1, shaggy fur 3, slow metabolism 1, sharp paws
}: 1/15 runes: serpentine
a: Berserk, Trog's Hand, Brothers in Arms, Renounce Religion


You were on level 4 of the Vaults.
You worshipped Trog.
Trog was exalted by your worship.
You were very full.

You visited 6 branches of the dungeon, and saw 31 of its levels.
You also visited: Bailey, Gauntlet and Ice Cave.

You collected 3183 gold pieces.
You spent 1269 gold pieces at shops.

Inventory:

Jewellery
 j - a ring of stealth (left paw)
 x - a ring of poison resistance (right paw)
 C - an uncursed ring of protection from fire
 G - a +4 amulet of reflection
 K - an uncursed ring of resist corrosion
 L - a +3 ring of strength
 O - an amulet of guardian spirit (around neck)
 P - the ring of Fun {+Fly rC+ SInv}
   (You acquired it on level 4 of the Lair of Beasts)

   [ring of flight]

   It protects you from cold.
   It lets you see invisible.
   It lets you fly.
Wands
 b - a wand of iceblast (26)
 o - a wand of acid (28)
 p - a wand of digging (1)
 q - a wand of random effects (83)
 s - a wand of paralysis (26)
 y - a wand of disintegration (31)
 D - a wand of flame (16)
 F - a wand of clouds (5)
 H - a wand of scattershot (10)
 M - a wand of polymorph (28)
Scrolls
 c - 7 scrolls of identify
 d - 9 scrolls of fog
 e - 23 scrolls of remove curse
 g - 3 scrolls of magic mapping
 h - 12 scrolls of teleportation
 k - 2 scrolls of blinking
 B - a scroll of summoning
 I - 4 scrolls of fear
 N - a scroll of silence
 S - 2 scrolls of immolation
Potions
 f - 7 potions of curing
 i - 2 potions of invisibility
 l - 5 potions of might
 m - 10 potions of haste
 n - 3 potions of berserk rage
 r - 7 potions of heal wounds
 t - a potion of ambrosia
 u - 4 potions of mutation
 v - 3 potions of brilliance
 w - 6 potions of agility
 z - 2 potions of cancellation
 A - 9 potions of lignification
 J - 4 potions of resistance
 R - 4 potions of flight
Miscellaneous
 E - a lightning rod (4/4)
 Q - a box of beasts
 T - a fan of gales
 U - a phantom mirror
Comestibles
 a - 49 rations
 V - 25 chunks of flesh


   Skills:
 + Level 14.9(14.5) Fighting
 + Level 18.6(18.1) Dodging
 + Level 16.9(16.5) Stealth
 * Level 20.0(19.5) Unarmed Combat
 + Level 15.5(15.1) Evocations


You had 16 spell levels left.
You didn't know any spells.
Your spell library was empty.

Dungeon Overview and Level Annotations

Branches:
Dungeon (15/15)            Temple (1/1) D:6            Lair (6/6) D:9
 Shoals (0/4) Lair:3        Snake (4/4) Lair:4        Slime (0/5) Lair:5
    Orc (2/2) D:10            Elf (0/3) Orc:2        Vaults (2/5) D:14
 Depths (0/5) D:15         Bailey (visited)           IceCv (visited)
Gauntlet (visited)
  Crypt: Vaults:2-3

Altars:
Ashenzari
Cheibriados
Dithmenos
Elyvilon
Fedhas
Hepliaklqana
Kikubaaqudgha
Makhleb
Qazlal
Sif Muna
Uskayaw
Vehumet
Wu Jian
Xom
Yredelemnul
Zin
Beogh

Shops:
D:14 *   D:15 !   Orc:2 ?:?[   Vaults:2 [[(

Annotations:
Lair:1 exclusion: 4 oklob plants
Vaults:2 3 runed translucent doors


Innate Abilities, Weirdness & Mutations

You cannot wear armour.
You are incapable of wielding weapons or throwing items.
Your paws allow you to move quietly. (Stealth)
You have sharp claws.
You have razor-sharp teeth.
You have supernaturally acute eyesight. (SInv)
You are carnivorous and can eat meat at any time.
You cover ground quickly.
Your thick and shaggy fur keeps you warm. (AC +3, rC+)
You have a slow metabolism.
Your sharp claws are effective at attacking unaware monsters.


Message History

The hell knight hits you with a +0 demon trident!
* * * LOW HITPOINT WARNING * * *
The hell knight points at you and mumbles some strange words.
The puff of flame hits you!
* * * LOW HITPOINT WARNING * * *
The hell knight hits you with a +2 war axe of flaming!
* * * LOW HITPOINT WARNING * * *
The hell knight burns you.
* * * LOW HITPOINT WARNING * * *
You barely miss the hell knight. You bite the hell knight.
The hell knight is severely wounded.
The hell knight completely misses you.
The hell knight points at you and mumbles some strange words.
You resist with almost no effort.
You are no longer berserk.
You are exhausted.
You feel as though you will be slow longer.
The hell knight misses you.
The hell knight hits you with a +0 demon whip of draining!!
You die...

####+##### #..p..#..#
#..pp.'..# #p....#..#
#.ppp.#p.# #.....#pp#
##############)@####+#
#[.....#..............#
#รท.....#..............#
#......##'####..#######
#).....+.....#..#.....#
#..[...#.....#..#.....#
#......#.....#..#.....#
#...(..#.....#..'.....#
#......#....)#..#.....#


You could see 3 hell knights.

Vanquished Creatures
  Gastronok (D:10)
  Kirke (Lair:6)
  9 nagarajas (Snake:4)
  2 frost giants
  Aizul (Snake:2)
  An emperor scorpion (D:15)
  5 vault wardens
  5 ironheart preservers
  2 stone giants
  An entropy weaver (Vaults:4)
  A deep elf demonologist (Vaults:1)
  A minotaur (Gauntlet)
  A fire dragon (Vaults:2)
  A crystal guardian (Vaults:2)
  3 yaktaur captains
  6 naga warriors
  10 hydras
  4 vault guards
  2 great orbs of eyes
  2 rakshasas (Vaults:1)
  Erica (D:8)
  Erolcha (Orc:2)
  A catoblepas (Lair:6)
  A death knight (D:14)
  12 two-headed ogres
  A dancing weapon (Vaults:2)
  20 anacondas
  7 ogre magi
  6 death yaks (Lair:6)
  4 centaur warriors
  A queen ant (Gauntlet)
  A deep troll shaman (Lair:6)
  6 shock serpents
  An orc high priest (Orc:1)
  2 thrashing horrors (Gauntlet)
  A deep elf knight (Vaults:1)
  18 naga sharpshooters
  5 salamander mystics
  6 unseen horrors
  3 hell knights (Vaults:4)
  14 wizards (D:13)
  5 deep trolls (Vaults:4)
  7 naga ritualists
  3 orc knights
  3 ironbrand convokers
  4 harpies (Vaults:2)
  A deep elf archer (Vaults:1)
  A wolf spider zombie (D:14)
  An orange crystal statue (Gauntlet)
  7 mana vipers
  4 necromancers
  5 deep elf magi
  A wolf spider (D:15)
  10 orc sorcerers
  5 cyclopes
  A manticore (D:15)
  12 salamanders
  A tengu skeleton (Vaults:2)
  An ice statue (IceCv)
  23 ugly things
  25 elephants
  10 guardian serpents
  Maurice (D:8)
  Joseph (D:8)
  2 torpor snails
  5 vault sentinels
  43 black mambas
  21 naga magi
  2 gargoyles
  7 komodo dragons
  A rime drake (IceCv)
  4 kobold demonologists (D:13)
  8 spiny frogs
  An efreet (D:14)
  3 freezing wraiths
  3 yaktaurs (Vaults:1)
  2 ice devils (Lair:1)
  11 trolls
  16 polar bears
  3 hornets
  10 blink frogs
  A harpy skeleton (D:15)
  A dream sheep (Lair:5)
  14 hippogriffs
  9 slime creatures
  A redback (Vaults:4)
  A spriggan (shapeshifter) (D:13)
  A wraith (D:15)
  52 yaks
  9 hogs
  A hungry ghost (D:10)
  A hog (shapeshifter) (Vaults:1)
  3 basilisks
  A golden eye (shapeshifter) (Vaults:1)
  Grum (D:8)
  20 humans
  4 wargs
  19 water moccasins
  37 nagas
  9 soldier ants
  2 acid dragons
  3 porcupines
  3 small abominations (Gauntlet)
  33 orc warriors
  An eye of draining (D:11)
  5 ice beasts
  6 black bears
  5 sky beasts
  A necrophage (D:9)
  39 wolves
  14 ogres
  16 centaurs
  13 crocodiles
  An orc skeleton (Vaults:2)
  17 bullfrogs
  2 wyvern skeletons
  6 scorpions
  2 human simulacra (Vaults:2)
  3 killer bees (D:10)
  5 wights (D:15)
  3 howler monkeys
  8 crimson imps
  9 jellies
  3 bullfrog zombies
  5 centaur zombies
  19 orc priests
  2 bullfrog skeletons
  6 hounds
  A centaur skeleton (D:6)
  An iron imp (D:7)
  38 orc wizards
  Ijyb (D:4)
  2 iguanas
  8 worker ants
  A hound skeleton (D:8)
  A worker ant zombie (D:6)
  12 gnolls
  22 adders
  3 shadow imps
  2 oozes
  An adder zombie (D:5)
  2 adder skeletons
  2 worms
  2 dart slugs (D:1)
  7 leopard geckos
  102 orcs
  4 giant cockroaches
  25 goblins
  20 hobgoblins
  17 jackals
  16 kobolds
  4 quokkas
  5 ball pythons
  6 bats
  5 frilled lizards
  A quokka zombie (D:6)
  7 rats
1180 creatures vanquished.

Vanquished Creatures (collateral kills)
  A nagaraja (Snake:4)
  An orc warlord (Bailey)
  A dire elephant (D:15)
  2 anacondas
  A two-headed ogre (D:15)
  A shock serpent (Snake:3)
  An ugly thing (D:15)
  A salamander (Snake:3)
  A black mamba (Snake:3)
  A guardian serpent (Snake:4)
  A spiny frog (Lair:4)
  A gargoyle (D:13)
  A yaktaur (D:15)
  2 polar bears (IceCv)
  2 blink frogs (Lair:4)
  A yak (IceCv)
  2 humans (D:14)
  A naga (Snake:3)
  An orc warrior (Bailey)
  A sky beast (shapeshifter) (D:13)
  4 centaurs
  A big kobold (D:10)
  A bullfrog (D:13)
  8 killer bees (D:10)
  A hound (D:10)
  5 orcs (D:10)
  A kobold (D:10)
45 creatures vanquished.

Vanquished Creatures (others)
  An ugly thing (D:15)
  2 polar bears (IceCv)
  A dream sheep (Lair:5)
  A warg (D:10)
  An ettin simulacrum (Vaults:1)
  An ogre (D:14)
  8 fungi (Lair:6)
  11 plants
  A withered plant (D:14)
27 creatures vanquished.

Grand Total: 1252 creatures vanquished

Notes
Turn   | Place    | Note
-------+----------+-------------------------------------------
     0 | D:1      | Lanoc the Felid Berserker began the quest for the Orb.
     0 | D:1      | Reached XP level 1. HP: 10/10 MP: 2/2
   169 | D:1      | Reached XP level 2. HP: 14/14 MP: 3/3
   957 | D:1      | Reached ** piety under Trog
   957 | D:1      | Reached skill level 1 in Stealth
   971 | D:1      | Reached XP level 3. HP: 16/17 MP: 4/4
  1626 | D:2      | You fall into a shaft and drop 2 floors!
  1651 | D:4      | Reached skill level 4 in Unarmed Combat
  1651 | D:4      | Reached XP level 4. HP: 21/21 MP: 5/5
  1735 | D:3      | Reached skill level 5 in Dodging
  1735 | D:3      | Reached XP level 5. HP: 25/25 MP: 6/6
  1743 | D:3      | HP: 1/37 [adder (2)]
  2164 | D:2      | Gained mutation: You are covered in thick fur. (AC +2)
                  | [Felid growth]
  2164 | D:2      | Reached XP level 6. HP: 22/28 MP: 7/7
  2170 | D:2      | Reached *** piety under Trog
  2447 | D:2      | Found a faded altar of an unknown god.
  2749 | D:2      | Found a white marble altar of Elyvilon.
  2937 | D:3      | Reached skill level 5 in Unarmed Combat
  3347 | D:4      | Noticed Ijyb
  3354 | D:4      | Killed Ijyb
  3517 | D:4      | Found a shadowy altar of Dithmenos.
  3517 | D:4      | Found an ancient bone altar of Kikubaaqudgha.
  3631 | D:4      | Reached XP level 7. HP: 33/33 MP: 8/8
  3830 | D:4      | Reached skill level 1 in Evocations
  3945 | D:5      | Entered Level 5 of the Dungeon
  3991 | D:5      | Found a burning altar of Makhleb.
  4235 | D:5      | Reached skill level 6 in Unarmed Combat
  4689 | D:5      | Found a hide-covered altar of Uskayaw.
  4971 | D:6      | Found a snail-covered altar of Cheibriados.
  4979 | D:6      | Reached skill level 5 in Stealth
  4986 | D:6      | Reached **** piety under Trog
  5054 | D:6      | Found a staircase to the Ecumenical Temple.
  5067 | Temple   | Entered the Ecumenical Temple
  5125 | D:6      | Reached XP level 8. HP: 36/36 MP: 10/10
  5182 | D:6      | Found a blossoming altar of Fedhas.
  5184 | D:6      | Reached skill level 5 in Fighting
  5876 | D:6      | Found a shattered altar of Ashenzari.
  5924 | D:6      | Found a shimmering blue altar of Sif Muna.
  5952 | D:6      | Reached skill level 7 in Unarmed Combat
  6024 | D:6      | Found a stormy altar of Qazlal.
  6053 | D:6      | Found a hazy altar of Hepliaklqana.
  6053 | D:6      | Found a glowing silver altar of Zin.
  6053 | D:6      | Found a shimmering altar of Xom.
  6058 | D:6      | Found a basalt altar of Yredelemnul.
  6457 | D:7      | Found a snail-covered altar of Cheibriados.
  6501 | D:7      | Reached ***** piety under Trog
  6758 | D:7      | Reached XP level 9. HP: 41/41 MP: 12/12
  6801 | D:7      | Identified Sif Muna's Tome of Displacement and Toxins
  7186 | D:7      | Reached skill level 8 in Unarmed Combat
  7285 | D:8      | Noticed Erica
  7299 | D:8      | Killed Erica
  7299 | D:8      | Reached skill level 9 in Unarmed Combat
  7299 | D:8      | Reached skill level 5 in Evocations
  7480 | D:8      | Noticed Grum
  7806 | D:8      | Killed Grum
  7806 | D:8      | Reached XP level 10. HP: 46/46 MP: 14/14
  7882 | D:8      | Noticed Maurice
  7891 | D:8      | Killed Maurice
  7896 | D:8      | Noticed Joseph
  8200 | D:8      | Killed Joseph
  8499 | D:9      | Found a flagged portal.
  8512 | Bailey   | Entered a bailey
  9172 | Bailey   | Noticed an orc warlord
  9178 | Bailey   | Reached skill level 10 in Unarmed Combat
  9212 | Bailey   | Annihilated by an orc warlord
  9213 | Bailey   | Reached XP level 9. HP: -24/43 MP: 14/14
  9246 | Bailey   | Noticed an orc knight
  9265 | Bailey   | Demolished by an orc knight
  9266 | Bailey   | Reached XP level 8. HP: -16/40 MP: 13/13
  9281 | Bailey   | Killed an orc warlord
  9281 | Bailey   | Reached XP level 9. HP: 43/43 MP: 14/14
  9353 | Bailey   | Killed an orc knight
  9353 | Bailey   | Reached skill level 10 in Dodging
  9504 | D:9      | Found a staircase to the Lair.
  9553 | D:9      | Reached skill level 10 in Stealth
  9568 | D:9      | Reached XP level 10. HP: 34/48 MP: 16/16
 10328 | D:10     | Entered Level 10 of the Dungeon
 10371 | D:10     | Noticed Gastronok
 10393 | D:10     | Killed Gastronok
 10393 | D:10     | Reached ****** piety under Trog
 10393 | D:10     | Reached skill level 11 in Unarmed Combat
 10830 | D:10     | Found a staircase to the Orcish Mines.
 11382 | D:11     | Noticed an unseen horror
 11394 | D:11     | Killed an unseen horror
 11394 | D:11     | Reached XP level 11. HP: 40/52 MP: 17/17
 11536 | D:11     | Noticed a two-headed ogre
 11547 | D:11     | Killed a two-headed ogre
 11596 | D:11     | Found an ornate altar of the Wu Jian Council.
 12052 | D:12     | You fall into a shaft and drop 3 floors!
 12052 | D:15     | Entered Level 15 of the Dungeon
 12095 | D:15     | Noticed a wolf spider
 12103 | D:15     | Killed a wolf spider
 12112 | D:15     | Reached skill level 12 in Unarmed Combat
 12112 | D:15     | Gained mutation: Your thick and shaggy fur keeps you warm.
                  | (AC +3, rC+) [Felid growth]
 12112 | D:15     | Reached XP level 12. HP: 57/57 MP: 19/19
 12113 | D:15     | Reached skill level 13 in Unarmed Combat
 12113 | D:15     | Reached XP level 13. HP: 61/61 MP: 19/21
 12326 | D:14     | Found a basalt altar of Yredelemnul.
 12449 | D:14     | Reached skill level 10 in Fighting
 12619 | D:12     | Reached skill level 10 in Evocations
 13445 | D:13     | Reached XP level 14. HP: 65/66 MP: 22/22
 13529 | D:13     | Reached skill level 14 in Unarmed Combat
 13541 | D:13     | Killed from afar by a wizard
 13542 | D:13     | Reached XP level 13. HP: -8/62 MP: 21/21
 15035 | D:14     | Found a gate to the Vaults.
 15789 | D:14     | Found Ufagueq's General Store.
 15798 | D:14     | Bought a wand of enslavement (11) for 182 gold pieces
 15798 | D:14     | Bought a scroll of teleportation for 42 gold pieces
 16084 | D:15     | Found Qogriv's Distillery.
 16094 | D:15     | Reached XP level 14. HP: 67/67 MP: 23/23
 16099 | D:15     | Bought 2 potions of mutation for 256 gold pieces
 16099 | D:15     | Bought a potion of heal wounds for 80 gold pieces
 16099 | D:15     | Bought a potion of resistance for 160 gold pieces
 16099 | D:15     | Bought a potion of resistance for 160 gold pieces
 16099 | D:15     | Bought a potion of cancellation for 128 gold pieces
 16494 | D:15     | Noticed an emperor scorpion
 16495 | D:15     | Found a staircase to the Depths.
 16506 | D:15     | Reached skill level 15 in Unarmed Combat
 16527 | D:15     | Killed an emperor scorpion
 17092 | Orc:1    | Entered Level 1 of the Orcish Mines
 17672 | Orc:1    | You fall into a shaft and drop 1 floor!
 17672 | Orc:2    | Entered Level 2 of the Orcish Mines
 18202 | Orc:2    | Found a staircase to the Elven Halls.
 18222 | Orc:2    | Found a roughly hewn altar of Beogh.
 18838 | Orc:2    | Reached skill level 15 in Stealth
 18843 | Orc:2    | Found Etoeri Uxex's Antique Armour Emporium.
 18911 | Orc:2    | Found an ancient bone altar of Kikubaaqudgha.
 18971 | Orc:2    | Noticed Erolcha
 18981 | Orc:2    | Killed Erolcha
 19006 | Orc:2    | Found a radiant altar of Vehumet.
 19033 | Orc:2    | Found Kiafatem's Magic Scroll Shoppe.
 19041 | Orc:2    | Bought a scroll of fear for 45 gold pieces
 19041 | Orc:2    | Bought a scroll of teleportation for 39 gold pieces
 19041 | Orc:2    | Bought a scroll of teleportation for 39 gold pieces
 19041 | Orc:2    | Bought a scroll of fog for 26 gold pieces
 19067 | Orc:2    | Found a roughly hewn altar of Beogh.
 19067 | Orc:2    | Found Kiuneluj's Book Emporium.
 19075 | Orc:2    | Found Laxuphet's Magic Scroll Shoppe.
 19102 | Orc:2    | Bought a scroll of silence for 112 gold pieces
 19386 | Lair:1   | Entered Level 1 of the Lair of Beasts
 19510 | Lair:1   | Found a frozen archway.
 19524 | IceCv    | Entered an ice cave
 20070 | IceCv    | Noticed a frost giant
 20096 | IceCv    | Killed a frost giant
 20096 | IceCv    | Reached XP level 15. HP: 62/72 MP: 25/25
 20635 | Lair:1   | Reached skill level 16 in Unarmed Combat
 20999 | Lair:2   | Found a gate leading to a gauntlet.
 21010 | Gauntlet | Entered a Gauntlet
 21010 | Gauntlet | Found a transporter.
 21010 | Gauntlet | Found a transporter.
 21040 | Gauntlet | Found a transporter.
 21044 | Gauntlet | Found a transporter.
 21052 | Gauntlet | Reached skill level 15 in Dodging
 21283 | Gauntlet | Found a transporter.
 21284 | Gauntlet | Found a transporter.
 21334 | Gauntlet | Found a transporter.
 21385 | Gauntlet | Found a transporter.
 21927 | Lair:2   | Identified the Guide on Frigorific Toxins
 22819 | Lair:3   | Found a staircase to the Shoals.
 23125 | Lair:3   | Found a runed translucent door.
 23317 | Lair:4   | Found a staircase to the Snake Pit.
 24337 | Lair:4   | Identified a scroll of acquirement
 24339 | Lair:4   | Got a scorched lapis lazuli ring
 24341 | Lair:4   | Identified the ring of Fun {+Fly rC+ SInv} (You acquired it
                  | on level 4 of the Lair of Beasts)
 24385 | Lair:5   | Found a staircase to the Slime Pits.
 25199 | Lair:6   | Entered Level 6 of the Lair of Beasts
 25851 | Lair:6   | Reached XP level 16. HP: 77/77 MP: 26/26
 25877 | Lair:6   | Reached skill level 17 in Unarmed Combat
 26262 | Lair:6   | Noticed Kirke
 26287 | Lair:6   | Killed Kirke
 27485 | Snake:1  | Entered Level 1 of the Snake Pit
 30414 | Snake:2  | Noticed Aizul
 30427 | Snake:2  | Killed Aizul
 30800 | Snake:3  | Reached skill level 18 in Unarmed Combat
 31737 | Snake:3  | Reached XP level 17. HP: 10/82 MP: 3/28
 32547 | Snake:4  | Entered Level 4 of the Snake Pit
 34015 | Snake:3  | HP: 2/82 [anaconda (3)]
 34021 | Snake:3  | HP: 2/82 [anaconda (2)]
 34487 | Snake:4  | HP: 3/82 [naga sharpshooter/arrow (4)]
 34488 | Snake:4  | Slain by a nagaraja
 34489 | Snake:4  | Reached XP level 16. HP: 0/79 MP: 0/27
 35965 | Snake:4  | Shot with an arrow by a naga sharpshooter
 35966 | Snake:4  | Reached XP level 15. HP: -15/75 MP: 0/26
 36756 | Snake:4  | Reached skill level 19 in Unarmed Combat
 37141 | Snake:4  | Killed a nagaraja
 37439 | Snake:4  | Killed a nagaraja
 37439 | Snake:4  | Reached XP level 16. HP: 79/79 MP: 24/28
 38684 | Snake:4  | Got a serpentine rune of Zot
 39029 | Vaults:1 | Entered Level 1 of the Vaults
 39565 | Vaults:1 | Reached skill level 15 in Evocations
 39633 | Vaults:1 | Noticed an Ice Fiend
 41698 | Vaults:2 | HP: 4/80 [deep elf archer/+0 short sword (3)]
 41817 | Vaults:2 | Reached XP level 17. HP: 84/84 MP: 29/29
 42074 | Vaults:2 | Found a runed translucent gate.
 42074 | Vaults:2 | Found a runed translucent gate.
 42074 | Vaults:2 | Found a runed translucent gate.
 42148 | Vaults:2 | Found Ivaokeerr's Armour Shoppe.
 42148 | Vaults:2 | Found Pauchoc's Antique Weapon Shoppe.
 42148 | Vaults:2 | Found Giadgh's Antique Armour Shoppe.
 42263 | Vaults:2 | You fall into a shaft and drop 2 floors!
 42345 | Vaults:4 | Reached skill level 20 in Unarmed Combat
 42440 | Vaults:4 | HP: 6/126 [hell knight/+2 war axe of flaming (3)]
 42442 | Vaults:4 | Demolished by a hell knight

Levels and vault maps discovered:
D:1:      lemuel_arrival_lava_pool, layout_basic
D:2:      layout_rooms, lemuel_round_altar,
          chequers_ecumenical_altar_simple_redux
D:3:      layout_basic, first_ration
D:4:      layout_loops_ring, amethyst_overflow_temple_binary, uniq_ijyb
D:5:      layout_loops_cross, overflow_temple_1_default, kennysheep_mini_moat
D:6:      layout_loops_ring, lemuel_doored_altar, fedhas_altar_1, minitemple,
          led_sif_book, minmay_temple_entry_glassed_door,
          hangedman_feature_mirror, minmay_misc_feat_five
D:7:      layout_basic, slow_altar_1, grunt_livestock
D:8:      layout_cave_pools, st_stairs_2, minivault_23, uniq_maurice, uniq_grum,
          uniq_erica, uniq_joseph
D:9:      layout_basic, david_lair_generic, enter_bailey_2
D:10:     layout_basic, orc_0_dummy, special_room [special_room_orc],
          uniq_gastronok
D:11:     layout_cave_pools, basic_altar
D:12:     layout_stronghold
D:13:     minmay_tri_stars, layout_gridville, minivault_5
D:14:     layout_loops_ring, grunt_vaults_entry_tiered,
          yredelemnul_altar_generic, serial_shops, shop,
          chequers_serial_rivers_micro_a
D:15:     hangedman_depths_entry_try_elsewhere_first, layout_long_grid,
          serial_shops, nicolae_shop_stone, chequers_serial_rivers_marsh
Temple:   pf_slime_end_temple
Lair:1:   layout_gridlike, nicolae_volcano_entry_two_sided,
          portal_ice_cave_demonic_guard, minmay_lair_oklob_chamber
Lair:2:   layout_concentric_octagons, gauntlet_entry_generic
Lair:3:   layout_chaotic_city, elwin_shoals_entry_rocks, serial_rivers,
          chequers_serial_rivers_small_3, chequers_serial_rivers_small_b,
          chequers_serial_rivers_marsh, chequers_serial_rivers_room_b,
          chequers_serial_rivers_micro_b, pf_torpor_hydra
Lair:4:   layout_loops_ring, minmay_snake_entry_six_corridors,
          grunt_megastairs_1, serial_bayou_shore_b
Lair:5:   layout_regular_city, nicolae_slime_entry_slimehenge
Lair:6:   grunt_lair_end_beastmaster, layout_concentric_octagons, ldierk_geyser,
          uniq_kirke
Snake:1:  nicolae_snake_nest, layout_misc_corridors
Snake:2:  layout_basic, uniq_aizul
Snake:3:  layout_layer_cave, special_room, nrook_guardian_serpent_double
Snake:4:  grunt_snake_rune_serpentine_throne, layout_cave_town,
          grunt_ministairs_9, st_stairs_8, serial_bayou_pond_e
Orc:1:    layout_caves, nicolae_orc_flooded_monolith
Orc:2:    kennysheep_orc_mage_school, layout_diamond_mine, basic_altar
Vaults:1: ontoclasm_vaults_eye, v_pattern_3, vaults_room_fancy_cross,
          ontoclasm_vaults_misaligned, hangedman_vaults_capsules, v_rooms_4,
          vaults_dpeg_hooks, dpeg_vaults_monster_box, layout_vaults_quadrants
Vaults:2: biasface_vaults_ghost_orc_armoury, nicolae_vaults_twisting_passages,
          minmay_crypt_entry_skeletal_spiral, hangedman_vaults_hard_town_square,
          v_rooms_5, vaults_room_door_ring, nicolae_vaults_little_squares_2,
          v_misc_11, nicolae_vaults_hallways_thing,
          nicolae_vaults_little_squares_6, vaults_mumra_hexcomb,
          vaults_room_pools, layout_vaults_ring, nicolae_trove_entry_crossroad,
          serial_shops, nicolae_shop_stone
Vaults:4: vaults_room_corners, st_diamondy, nicolae_vaults_network_periphery,
          nicolae_vaults_sealed_display, nicolae_vaults_rhombus_6, v_misc_29,
          v_misc_11, vaults_dpeg_doors, v_rooms_5, hangedman_vaults_impose,
          ontoclasm_vaults_ligature, nicolae_vaults_gold_heap,
          vaults_room_hallway, ontoclasm_vaults_hangar, layout_vaults_maze_bifur

Skill      XL: |  1  2  3  4  5  6  7  8  9 10 11 12 13 14 15 16 17 |
---------------+----------------------------------------------------+-----
Stealth        | 1 2 3 4 5 6 10 9 12 14 15 16 | 16.9
Unarmed Combat | 4 5 6 7 9 11 12 13 15 19 18 20 | 20.0
Dodging        | 5 6 7 10 9 11 12 13 14 15 18 17 | 18.6
Fighting       | 4 5 6 8 9 11 12 14 | 14.9
Evocations     | 2 3 5 7 9 11 12 15 14 | 15.5

Action                   |  1- 3 |  4- 6 |  7- 9 | 10-12 | 13-15 | 16-18 || total
-------------------------+-------+-------+-------+-------+-------+-------++-------
Melee: Unarmed           |    99 |   114 |   313 |   375 |  1414 |  1248 ||  3563
       Bite              |    10 |     6 |    40 |    52 |   242 |   196 ||   546
       Punch             |     2 |     2 |    16 |    26 |   147 |   163 ||   356
Invok: Berserk           |     4 |     3 |    12 |     8 |    59 |    49 ||   135
       Brothers in Arms  |       |       |     1 |     1 |     2 |     4 ||     8
       Trog's Hand       |       |       |       |       |     5 |     6 ||    11
Evoke: Wand              |       |       |    15 |    20 |    54 |    11 ||   100
       Lightning rod     |       |       |       |       |     8 |     4 ||    12
       Sack of spiders   |       |       |       |       |     3 |       ||     3
       Fan of gales      |       |       |       |       |       |     1 ||     1
  Use: Potion            |       |     4 |       |     2 |     1 |     6 ||    13
       Scroll            |       |       |    11 |     8 |    16 |     9 ||    44
 Stab: Sleeping          |     6 |    17 |    18 |    16 |    90 |    65 ||   212
       Distracted        |       |       |     2 |     3 |     7 |    10 ||    22
       Confused          |       |       |       |       |     1 |       ||     1
  Eat: Chunk             |    11 |     6 |    24 |    17 |    87 |    79 ||   224
       Ration            |       |       |       |       |     2 |     2 ||     4
Armor: Skin              |    11 |     4 |     9 |     3 |    39 |    26 ||    92
Dodge: Dodged            |    83 |    91 |   237 |   293 |  1295 |  1302 ||  3301
Block: Other             |       |       |       |       |   110 |       ||   110
       Reflection        |       |       |       |       |     2 |       ||     2

Table legend:
 A = Non-vault XP
 B = Vault XP
 C = Vault XP percentage of total XP
 D = Non-vault monster count
 E = Vault monster count
 F = Vault count percentage of total count
                 A         B        C        D         E       F
            +---------+---------+-------+---------+---------+-------
      Total |  200162 |  171159 |  46.1 |     781 |     444 |  36.2
            +---------+---------+-------+---------+---------+-------
        D:1 |      46 |       0 |   0.0 |      26 |       0 |   0.0
        D:2 |      86 |       0 |   0.0 |      25 |       0 |   0.0
        D:3 |     336 |       0 |   0.0 |      25 |       0 |   0.0
        D:4 |     380 |      36 |   8.7 |      13 |       1 |   7.1
        D:5 |     274 |       0 |   0.0 |      10 |       0 |   0.0
        D:6 |     644 |     191 |  22.9 |      23 |       4 |  14.8
        D:7 |     849 |    1360 |  61.6 |      20 |       9 |  31.0
        D:8 |     798 |    2146 |  72.9 |      11 |       6 |  35.3
        D:9 |     864 |     657 |  43.2 |      20 |       4 |  16.7
       D:10 |    2554 |    2571 |  50.2 |      57 |      27 |  32.1
       D:11 |    4078 |       0 |   0.0 |      26 |       0 |   0.0
       D:12 |    6522 |       0 |   0.0 |      29 |       0 |   0.0
       D:13 |    7714 |   13720 |  64.0 |      38 |      20 |  34.5
       D:14 |    7124 |    5771 |  44.8 |      30 |      25 |  45.5
       D:15 |   12577 |    2192 |  14.8 |      42 |       4 |   8.7
     Lair:1 |    4061 |    1415 |  25.8 |      18 |       7 |  28.0
     Lair:2 |    8556 |       0 |   0.0 |      36 |       0 |   0.0
     Lair:3 |    3591 |    1396 |  28.0 |      18 |       2 |  10.0
     Lair:4 |    7264 |    4323 |  37.3 |      24 |      21 |  46.7
     Lair:5 |    3902 |     177 |   4.3 |       9 |       5 |  35.7
     Lair:6 |   14503 |   13253 |  47.7 |      44 |      25 |  36.2
    Snake:1 |    5810 |       0 |   0.0 |       9 |       0 |   0.0
    Snake:2 |   23352 |    1684 |   6.7 |      42 |       1 |   2.3
    Snake:3 |   21883 |    2609 |  10.7 |      46 |       4 |   8.0
    Snake:4 |   21918 |   44698 |  67.1 |      39 |      61 |  61.0
      Orc:1 |    4053 |       0 |   0.0 |      23 |       0 |   0.0
      Orc:2 |    2599 |    7675 |  74.7 |      27 |      34 |  55.7
   Vaults:1 |   17934 |   19523 |  52.1 |      28 |      25 |  47.2
   Vaults:2 |    7933 |   20044 |  71.6 |      14 |      23 |  62.2
   Vaults:4 |    7957 |    5066 |  38.9 |       9 |       7 |  43.8
     Bailey |       0 |    3531 | 100.0 |       0 |      69 | 100.0
      IceCv |       0 |   11290 | 100.0 |       0 |      46 | 100.0
   Gauntlet |       0 |    5831 | 100.0 |       0 |      14 | 100.0
            +---------+---------+-------+---------+---------+-------
